 Dungeon Crawl Stone Soup version 0.32-a0-872-g59262bdc9b (webtiles) character file.

Game seed: 17565452274428910674

53168 SegawaOnpu the Spear-Bearer (level 14, -22/86 HPs)
             Began as a Tengu Reaver on Mar 30, 2024.
             Was a High Priest of Elyvilon.
             Annihilated by an orc knight
             ... wielding a +2 great sword of holy wrath
              (37 damage)
             ... on level 1 of the Orcish Mines on Mar 31, 2024.
             The game lasted 02:18:18 (21059 turns).

SegawaOnpu the Spear-Bearer (Tengu Reaver)         Turns: 21059, Time: 02:18:19

Health: -22/86     AC: 24    Str: 19    XL:     14   Next: 67%
Magic:  22/22      EV: 15    Int: 13    God:    Elyvilon [*****.]
Gold:   847        SH: 14    Dex: 16    Spells: 12/23 levels left

rFire   + + .        p - +9 trident of Ambiguity {heavy, rF+ rCorr Str+4}
rCold   . . .        k - +3 buckler
rNeg    + + .        N - +10 chain mail of Submission {rPois rC+ rN+}
rPois   +            m - +0 hat
rElec   +            v - scarf {shadows}
rCorr   +            d - +2 pair of gloves
SInv    .            (boots unavailable)
Will    +....        B - amulet of reflection Stlth
                     e - ring of the Battered Eyes {Fire rElec Int-4 Dex+4}
HPRegen 0.34/turn    S - ring "Gaedul" {rN+ Slay+2}
MPRegen 0.18/turn

%: reflection, acrobat
@: silenced, on berserk cooldown, flying, slowed, very slow
A: beak, talons 3, evasive flight, acrobatic
a: Renounce Religion


You were on level 1 of the Orcish Mines.
You worshipped Elyvilon.
Elyvilon was extremely pleased with you.
You visited 4 branches of the dungeon, and saw 18 of its levels.
You also visited: Sewer and Volcano.

You collected 1876 gold pieces.
You spent 1029 gold pieces at shops.

Inventory:

Hand Weapons
 p - the +9 trident of Ambiguity (weapon) {heavy, rF+ rCorr Str+4}
   (You found it on level 3 of the Dungeon)

   Str+4:     It affects your strength (+4).
   rF+:       It protects you from fire.
   rCorr:     It protects you from acid and corrosion.
 G - a +0 orcbow
 Y - a +2 glaive of flaming
Missiles
 y - 2 boomerangs (quivered)
 z - 45 poisoned darts
 K - 2 throwing nets
Armour
 d - a +2 pair of gloves (worn)
 f - the +5 scale mail of Loumeg {Will+}
   (You found it on level 5 of the Dungeon)

   Will+:     It increases your willpower.
 k - a +3 buckler (worn)
 m - a +0 hat (worn)
 v - a scarf of shadows (worn)
 D - a +0 troll leather armour
 N - the +10 chain mail of Submission (worn) {rPois rC+ rN+}
   (You found it on level 8 of the Dungeon)

   rC+:       It protects you from cold.
   rPois:     It protects you from poison.
   rN+:       It protects you from negative energy.
 P - a +2 ring mail of fire resistance
 T - +0 acid dragon scales
 X - the +3 leather armour of Gacwof {rPois MP+9 Str+4 Dex+4}
   (You found it on level 1 of the Lair of Beasts)

   Str+4:     It affects your strength (+4).
   Dex+4:     It affects your dexterity (+4).
   rPois:     It protects you from poison.
   MP+9:      It affects your magic capacity (+9).
Magical Staves
 R - a staff of earth
Jewellery
 e - the ring of the Battered Eyes (left hand) {Fire rElec Int-4 Dex+4}
   (You acquired it on level 5 of the Dungeon)

   [ring of fire]

   Fire:      It enhances your fire magic.
   Int-4:     It affects your intelligence (-4).
   Dex+4:     It affects your dexterity (+4).
   rF+:       It protects you from fire.
   rC-:       It makes you vulnerable to cold.
   rElec:     It insulates you from electricity.
 h - a ring of ice
 B - an amulet of reflection (around neck)
 E - a ring of resist corrosion
 S - the ring "Gaedul" (right hand) {rN+ Slay+2}
   (You found it on level 10 of the Dungeon)

   [ring of positive energy]

   Slay+2:    It affects your accuracy & damage with ranged weapons and melee
   (+2).
   rN+:       It protects you from negative energy.
Talismans
 j - a beast talisman
Wands
 n - a wand of roots (8)
 I - a wand of paralysis (9)
 L - a wand of mindburst (9)
 U - a wand of light (2)
 W - a wand of digging (11)
Scrolls
 a - 2 scrolls of silence
 c - 2 scrolls of torment
 l - 2 scrolls of blinking
 o - a scroll of poison
 u - a scroll of brand weapon
 A - a scroll of butterflies
 C - 3 scrolls of teleportation
 F - a scroll of revelation
 H - 4 scrolls of vulnerability
 O - a scroll of fog
 V - 2 scrolls of immolation
Potions
 g - 11 potions of curing
 i - 2 potions of mutation
 q - a potion of brilliance
 r - 6 potions of heal wounds
 t - 4 potions of enlightenment
 J - a potion of attraction
 M - 2 potions of lignification
 Q - 10 potions of ambrosia
 Z - 2 potions of magic
Miscellaneous
 b - a tin of tremorstones (inert)


   Skills:
 + Level 9.0 Fighting
 + Level 9.8 Polearms
 + Level 8.0 Throwing
 + Level 8.9 Armour
 + Level 9.5 Dodging
 - Level 8.6 Stealth
 + Level 7.9 Shields
 - Level 5.1 Spellcasting
 - Level 7.2 Conjurations
 - Level 1.1 Translocations
 - Level 3.5 Fire Magic
 - Level 4.0 Ice Magic
 - Level 4.4 Air Magic
 + Level 6.2 Invocations
 + Level 6.7 Evocations


You had 12 spell levels left.
You knew the following spells:

 Your Spells              Type           Power      Damage    Failure   Level
b - Momentum Strike       Conj/Tloc      28%        3d8       36%         2
c - Hailstorm             Conj/Ice       17%        3d6       38%         3
d - Plasma Beam           Fire/Air       10%        2x1d21    100%        6

Your spell library contained the following spells:

 Spells                   Type           Power      Damage    Failure   Level
 Shock                    Conj/Air       72%        1d7       13%         1
 Foxfire                  Conj/Fire      100%       2x1d9     16%         1
 Kiss of Death            Conj/Necr      48%        2d9       32%         1
 Slow                     Hex            12%        N/A       80%         1
 Volatile Blastmotes      Fire/Tloc      28%        2d12      85%         3
 Jinxbite                 Hex            6%         N/A       91%         2
 Iskenderun's Mystic Bla Conj/Tloc 14%            2d5        (+2d2     94%         4
 Brom's Barrelling Bould  Conj/Erth      12%        2d4       97%         4
 Fulminant Prism          Conj/Alch      6%         3d7       97%         4
 Confusing Touch          Hex            3%         N/A       99%         3
 Vampiric Draining        Necr           3%         2d6       99%         3
 Summon Blazeheart Golem  Fire/Summ      11%        N/A       100%        4
 Borgnjor's Vile Clutch   Necr/Erth      1%         N/A       100%        5
 Starburst                Conj/Fire      13%        6d5       100%        6


Dungeon Overview and Level Annotations

Branches:
Dungeon (11/15)            Temple (1/1) D:7            Lair (5/5) D:10
 Shoals (0/4) Lair:2        Snake (0/4) Lair:2        Slime (0/5) Lair:4
    Orc (1/2) D:11          Sewer (visited)         Volcano (visited)

Altars:
Ashenzari
Cheibriados
Dithmenos
Elyvilon
Fedhas
Gozag
Hepliaklqana
Kikubaaqudgha
Makhleb
Nemelex Xobeh
Okawaru
Qazlal
Ru
Sif Muna
Trog
Uskayaw
Vehumet
Wu Jian
Xom
Yredelemnul
Zin
The Shining One
Beogh
Lugonu

Shops:
D:2 ?   D:6 (   D:8 ?   D:11 *

Portals:
Abyss: Lair:5

Annotations:
D:3 1 runed translucent door, Squishy's ghost, weakling DrCj
D:5 1 runed translucent door, Crazy Yiuf


Innate Abilities, Weirdness & Mutations

You have a beak for a mouth.
You have claws for feet.
Your magical flight helps you evade attacks. (EV +4)
You can magically evade attacks while moving or waiting.


Message History

You block the orc warrior's attack. You block the orc's attack.
The orc knight misses you. The orc hits you but does no damage.
The orc completely misses you.
The orc knight roars a battlecry!
The orcs go into a battle-frenzy!
The orc priest invokes the aid of Beogh against you.
Beogh smites you!
* * * LOW HITPOINT WARNING * * *
The orc hits you but does no damage.
The orc knight hits you with a +2 great sword of holy wrath!!
Elyvilon protects you from harm! The orc warrior barely misses you.
The orc warrior closely misses you. The orc warrior misses you.
Reach: p) +9 trident of Ambiguity {heavy, rF+ rCorr Str+4}
Press: ? - help, Dir - move target, f/p - orc knight
Aim: an orc knight, wielding a +0 bardiche and wearing a +0 plate armour (silenced, moderately wounded, strong, about 25% to evade the +9 trident of Ambiguity)
The orc is in the way.
You impale the orc!!
You kill the orc!
The orc warrior barely misses you. You block the orc knight's attack.
You block the orc's attack. The orc barely misses you.
The orc warrior hits you with a +0 mace.
* * * LOW HITPOINT WARNING * * *
The orc knight hits you with a +2 great sword of holy wrath!!
Elyvilon protects you from harm! The orc warrior barely misses you.
The orc warrior closely misses you.
Reach: p) +9 trident of Ambiguity {heavy, rF+ rCorr Str+4}
Press: ? - help, Dir - move target, f/p - orc knight
Aim: an orc knight, wielding a +0 bardiche and wearing a +0 plate armour (silenced, moderately wounded, strong, about 25% to evade the +9 trident of Ambiguity)
The orc is in the way.
You puncture the orc!
You kill the orc!
You are no longer berserk.
You are exhausted.
You feel yourself slow down. You block the orc warrior's attack.
The orc knight hits you from afar with a +0 bardiche!!
Elyvilon protects you from harm!
The orc knight roars a battlecry!
The orc goes into a battle-frenzy!
You block the orc warrior's attack.
The orc knight hits you with a +2 great sword of holy wrath!!!
You die...

***,,**********,,,⌠,⌠,,,,,,,,,*,*
**,,,,,,,,,,,,,,,,,,,,,,,,*,,,,,,
,,,,,,,,,,.............,,,,,,,,,*
,,,,,,,,,>....$........,,,**,,,*,
,,,,,,,,,,......o......,,,*,,,,,,
,,,,,*,,,,.......>.....,,**,,,,,,
,,,,,,,,,,...#...o.....,,,***+++*
,,,,,,,,*,.....oooo....,,,**,,,,,
,,,,,,,,,,....oo@oo....,,,*,,,_,,
,,,,,,*,,,....o)oo.....,,,*ß,,ß,,
,,,,,,,,,,..#.o.[[oo...,,,*,,,,,,
,,,,,,,,,,....$........,,,**∩ß∩ß,
∩,,,,,,*,,.............,,,,******
,,,,*,,,,,#...........>,,,,,,,,,,
,,,***,,,,......#......,,*,,,*,,,
**** **,,,,,,,,***,*,,,o,,,,,***,
**,,,,,,,,*,,^,,,*,,,,,,*,,


You could see 3 orc knights, 6 orc warriors, an orc priest (strong) and 6 orcs.

Vanquished Creatures
  Rupert (Lair:3)
  Gastronok (Lair:3)
  A catoblepas (Lair:4)
  3 two-headed ogres
  A boulder beetle (Lair:3)
  4 thrashing horrors (Lair:5)
  2 skysharks
  Lodul (D:10)
  An orc knight (Orc:1)
  2 orc sorcerers
  A deep elf pyromancer (D:9)
  2 large abominations (Lair:5)
  2 ugly things
  A cyclops (D:11)
  5 black mambas
  A kobold blastminer (Orc:1)
  A torpor snail (Lair:3)
  A smoke demon (Volcano)
  7 elephants
  8 cane toads
  A rime drake (Lair:3)
  9 komodo dragons
  4 trolls
  2 red devils (Volcano)
  A merfolk (Lair:2)
  3 polar bears
  A queen bee (D:9)
  6 dream sheep
  A raiju (Lair:5)
  33 blink frogs
  4 wyverns
  A ynoxinul (Lair:5)
  A shadow (D:11)
  2 wraiths (D:11)
  47 yaks
  6 basilisks
  A human (shapeshifter) (Lair:5)
  A steam dragon (D:7)
  Menkaure (D:5)
  The ghost of NotBatman the Magician, an amateur DjIE (D:4)
  3 chaos spawn (Lair:5)
  A naga (Lair:2)
  9 small abominations (Lair:5)
  A hell hound (Volcano)
  3 acid dragons
  12 water moccasins
  An ice beast (D:7)
  8 orc warriors
  4 black bears
  9 ogres
  An elephant zombie (D:8)
  4 centaurs
  14 wolves
  3 kobold brigands
  3 phantoms
  An elf zombie (D:8)
  Blork the orc (D:5)
  13 bullfrogs
  2 gnoll sergeants
  5 wights (D:7)
  23 killer bees
  An electric eel (Lair:2)
  4 howler monkeys
  2 lava snakes (D:9)
  A bombardier beetle (D:6)
  A centaur zombie (D:8)
  A hound (D:6)
  A human zombie (D:8)
  8 jellies
  8 orc priests
  3 sleepcaps
  An iguana (shapeshifter) (Lair:5)
  Jessica (D:3)
  2 iguanas
  8 orc wizards
  2 killer bee zombies (D:8)
  4 hound zombies (D:8)
  3 howler monkey zombies (D:8)
  12 gnolls
  7 adders
  2 river rats (Sewer)
  3 white imps
  2 adder zombies (D:8)
  A ribbon worm (D:3)
  2 dart slugs
  47 orcs
  9 endoplasms
  7 giant cockroaches
  7 goblins
  5 hobgoblins
  3 jackals (D:1)
  19 kobolds
  4 quokkas
  4 ball pythons
  4 bats (D:1)
  2 frilled lizards (D:3)
  14 rats
498 creatures vanquished.

Vanquished Creatures (others)
  An orc (Orc:1)
1 creature vanquished.

Grand Total: 499 creatures vanquished

Notes
Turn   | Place    | Note
-------+----------+-------------------------------------------
     0 | D:1      | SegawaOnpu the Tengu Reaver began the quest for the Orb.
     0 | D:1      | Reached XP level 1. HP: 12/12 MP: 4/4
     1 | D:1      | Noticed an electric eel
    49 | D:1      | Reached XP level 2. HP: 16/17 MP: 4/6
    52 | D:1      | Learned a level 2 spell: Momentum Strike
   461 | D:1      | Reached XP level 3. HP: 17/20 MP: 5/7
   809 | D:2      | Learned a level 3 spell: Hailstorm
  1224 | D:2      | Found Jafoam's Magic Scroll Emporium.
  1247 | D:2      | Bought a scroll of noise for 11 gold pieces
  1376 | D:2      | Got the Secrets of the Neverending Geomancers
  1665 | D:3      | Reached XP level 4. HP: 26/26 MP: 8/8
  1718 | D:3      | Identified the +9 trident of Ambiguity {heavy, rF+ rCorr
                  | Str+4}
  1837 | D:3      | Found a runed translucent door.
  1837 | D:3      | Noticed Squishy's ghost (weakling DrCj)
  2004 | D:3      | Found an iron altar of Okawaru.
  2214 | D:3      | Reached skill level 1 in Ice Magic
  2231 | D:3      | Reached XP level 5. HP: 30/31 MP: 5/9
  2380 | D:3      | Noticed Jessica
  2385 | D:3      | Killed Jessica
  2386 | D:3      | Reached skill level 1 in Stealth
  2579 | D:4      | Reached skill level 1 in Translocations
  2611 | D:4      | Noticed NotBatman's ghost (amateur DjIE)
  2665 | D:4      | Reached XP level 6. HP: 19/36 MP: 7/10
  2754 | D:4      | Found a runed translucent door.
  3035 | D:4      | Reached skill level 1 in Armour
  3035 | D:4      | Reached skill level 5 in Conjurations
  3141 | D:4      | Gained mutation: Your magical flight helps you evade
                  | attacks. (EV +4) [Tengu growth]
  3141 | D:4      | Reached XP level 7. HP: 41/41 MP: 12/12
  3404 | D:4      | Reached skill level 1 in Throwing
  3433 | D:4      | You are sucked into a shaft and drop 1 floor!
  3433 | D:5      | Entered Level 5 of the Dungeon
  3467 | D:5      | Reached skill level 1 in Shields
  3615 | D:5      | Noticed Menkaure
  3660 | D:5      | Identified a scroll of acquirement
  3660 | D:5      | Acquired the ring of the Battered Eyes {Fire rElec Int-4
                  | Dex+4}
  3780 | D:5      | Identified the +5 scale mail of Loumeg {Will+}
  3867 | D:2      | Bought a scroll of blinking for 82 gold pieces
  4171 | D:4      | Killed NotBatman's ghost
  4172 | D:4      | Reached XP level 8. HP: 42/46 MP: 13/13
  4355 | D:5      | Noticed Blork the orc
  4357 | D:5      | Killed Blork the orc
  4412 | D:5      | Killed Menkaure
  4459 | D:5      | Reached skill level 5 in Polearms
  4470 | D:5      | Found a hide-covered altar of Uskayaw.
  4518 | D:5      | Found a runed translucent door.
  4519 | D:5      | Noticed Crazy Yiuf
  4985 | D:6      | Found Litracodgh's Weapon Emporium.
  5244 | D:6      | Reached XP level 9. HP: 52/52 MP: 15/15
  5593 | D:6      | Found a glowing drain.
  5597 | Sewer    | Entered a sewer
  5668 | Sewer    | Found a white marble altar of Elyvilon.
  5793 | Sewer    | Became a worshipper of Elyvilon the Healer
  6656 | D:7      | Reached skill level 5 in Dodging
  7121 | D:7      | Found a staircase to the Ecumenical Temple.
  7126 | Temple   | Entered the Ecumenical Temple
  7174 | D:7      | Reached * piety under Elyvilon
  7275 | D:7      | Reached XP level 10. HP: 55/58 MP: 17/17
  7782 | D:2      | Bought a scroll of blinking for 82 gold pieces
  7782 | D:2      | Bought a scroll of revelation for 82 gold pieces
  7782 | D:2      | Bought a scroll of blinking for 82 gold pieces
  7908 | D:8      | Found an ancient bone altar of Kikubaaqudgha.
  7974 | D:8      | Reached skill level 5 in Fighting
  8038 | D:8      | Identified the +10 chain mail of Submission {rPois rC+ rN+}
  8205 | D:8      | Found a hazy altar of Hepliaklqana.
  8212 | D:8      | Found a glowing golden altar of the Shining One.
  8215 | D:8      | Found a radiant altar of Vehumet.
  8215 | D:8      | Found a stormy altar of Qazlal.
  8222 | D:8      | Found a bloodstained altar of Trog.
  8249 | D:8      | Reached ** piety under Elyvilon
  8368 | D:8      | Learned a level 6 spell: Plasma Beam
  8639 | D:8      | Found Fyilia's Magic Scroll Shop.
  8642 | D:8      | Bought a scroll of butterflies for 64 gold pieces
  8642 | D:8      | Bought a scroll of fog for 64 gold pieces
  8642 | D:8      | Bought a scroll of amnesia for 64 gold pieces
  8642 | D:8      | Bought a scroll of identify for 32 gold pieces
  8645 | D:8      | Bought a scroll of enchant armour for 120 gold pieces
  8645 | D:8      | Bought a scroll of enchant armour for 120 gold pieces
  8663 | D:9      | Reached skill level 1 in Air Magic
  8691 | D:9      | Reached skill level 1 in Fire Magic
  9672 | D:9      | Noticed a two-headed ogre
  9678 | D:9      | Killed a two-headed ogre
  9714 | D:9      | Noticed a deep elf pyromancer
  9740 | D:9      | Killed a deep elf pyromancer
  9741 | D:9      | Reached skill level 5 in Stealth
  9741 | D:9      | Reached skill level 1 in Evocations
  9819 | D:9      | Reached *** piety under Elyvilon
  9863 | D:9      | Reached skill level 1 in Invocations
  9990 | D:10     | Entered Level 10 of the Dungeon
 10073 | D:10     | Noticed an elephant
 10120 | D:10     | Killed an elephant
 10121 | D:10     | Reached skill level 5 in Armour
 10121 | D:10     | Reached skill level 5 in Spellcasting
 10125 | D:10     | Reached XP level 11. HP: 37/64 MP: 19/19
 10235 | D:10     | Found a staircase to the Lair.
 10313 | D:10     | Identified the ring "Gaedul" {rN+ Slay+2}
 10770 | D:10     | Noticed Lodul
 11397 | D:10     | Killed Lodul
 11409 | D:10     | Reached **** piety under Elyvilon
 11702 | Lair:1   | Entered Level 1 of the Lair of Beasts
 11943 | Lair:1   | Reached skill level 5 in Throwing
 11964 | Lair:1   | Reached skill level 5 in Shields
 12165 | D:6      | Bought 6 boomerangs for 168 gold pieces
 12700 | Lair:1   | Identified the +3 leather armour of Gacwof {rPois MP+9
                  | Str+4 Dex+4}
 12788 | Lair:1   | Reached ***** piety under Elyvilon
 13177 | Lair:2   | Reached XP level 12. HP: 71/71 MP: 20/20
 13276 | Lair:2   | Found a staircase to the Snake Pit.
 13619 | Lair:3   | Noticed a skyshark
 13642 | Lair:3   | Killed a skyshark
 13748 | Lair:3   | Found a dark tunnel.
 13757 | Volcano  | Entered a volcano
 13793 | Volcano  | Paralysed by an orc sorcerer for 3 turns
 14129 | Lair:3   | Noticed Gastronok
 14411 | Lair:2   | Found a staircase to the Shoals.
 15331 | Lair:3   | Reached XP level 13. HP: 65/76 MP: 21/21
 15928 | Lair:3   | Killed Gastronok
 15929 | Lair:3   | Reached skill level 5 in Evocations
 15997 | Lair:3   | Noticed Rupert
 16021 | Lair:3   | HP: 1/77 [Rupert/+2 battleaxe of freezing (12)]
 16028 | Lair:3   | Killed Rupert
 16426 | Lair:3   | Found a hide-covered altar of Uskayaw.
 16428 | Lair:3   | Found an ornate altar of the Wu Jian Council.
 16846 | Lair:3   | Reached skill level 5 in Invocations
 17154 | Lair:4   | Acquired a scarf of shadows
 17570 | Lair:4   | Found a staircase to the Slime Pits.
 17655 | Lair:4   | Got the Spellbook of Blistering Tephra
 17720 | Lair:4   | Reached ****** piety under Elyvilon
 17725 | Lair:5   | Entered Level 5 of the Lair of Beasts
 18402 | Lair:5   | Reached XP level 14. HP: 71/84 MP: 22/22
 19281 | Lair:5   | Found a corrupted altar of Lugonu.
 19281 | Lair:5   | Found a one-way gate to the infinite horrors of the Abyss.
 20299 | D:11     | Found a staircase to the Orcish Mines.
 20309 | D:11     | Found a roughly hewn altar of Beogh.
 20532 | D:11     | Found Leov's Assorted Antiques.
 20535 | D:11     | Bought a scroll of identify for 58 gold pieces
 20683 | Orc:1    | Entered Level 1 of the Orcish Mines
 21057 | Orc:1    | Elyvilon protects you from harm!
 21058 | Orc:1    | Elyvilon protects you from harm!
 21059 | Orc:1    | Elyvilon protects you from harm!
 21059 | Orc:1    | Annihilated by an orc knight

Illustrated notes

Levels and vault maps discovered:
D:1:      arrival_aquarium_a, layout_basic
D:2:      minmay_door_path, layout_loops_corners, serial_shops, shop
D:3:      layout_loops_ring, okawaru_trees_2, gammafunk_ghost_grave,
          minmay_misc_feat_pillars, uniq_jessica
D:4:      layout_basic, hellmonk_ghost_happy_afterlife
D:5:      layout_loops_ring, mainiacjoe_overflow_tiny_flanked,
          uniq_crazy_yiuf_cottage, uniq_blork_the_orc, uniq_menkaure
D:6:      layout_basic, gup_sewer_entry_bowl, serial_shops,
          kennysheep_little_box
D:7:      layout_basic, temple_doors_e
D:8:      layout_basic, nicolae_overflow_hallway_of_the_gods, serial_shops,
          shop, roadster_capsule_ark_zombie
D:9:      layout_roguey [special_room_bee], chequers_serial_rivers_micro_a,
          serial_park_tiny_pond, minivault_25_ag, kennysheep_crisscross
D:10:     layout_roguey, david_lair_generic, serial_aquarium,
          aquarium_bridge_long_separate [aquarium_subvault_bridge,
          aquarium_subvault_wall, aquarium_subvault_wall,
          aquarium_subvault_bridge, aquarium_subvault_window,
          aquarium_subvault_balcony], aquarium_bridge_square
          [aquarium_subvault_wall, aquarium_subvault_window,
          aquarium_subvault_bridge, aquarium_subvault_wall], aquarium_window_1,
          aquarium_window_fake, aquarium_window_1, aquarium_window_corridor_2,
          aquarium_view_2d, aquarium_balcony_3b, aquarium_pool_split, uniq_lodul
D:11:     layout_loops_corners, minmay_orc_entry_temple_small, serial_shops,
          shop
Temple:   nicolae_temple_bog_church
Lair:1:   layout_small_grid, lemuel_fruit_fields, grunt_megastairs_3
Lair:2:   layout_cellular_growth, elwin_shoals_entry_rooms,
          guppyfry_snake_entry_island, grunt_forest_small_clearings,
          minmay_holes
Lair:3:   layout_gridlike, nicolae_volcano_entry_lava_flow,
          nzn_masters_of_martial_movement, grunt_megastairs_4, uniq_gastronok,
          uniq_rupert
Lair:4:   layout_misc_corridors, nicolae_slime_entry_slimehenge
Lair:5:   hellmonk_lair_end_abyssal_woods, layout_cave_shapes,
          serial_bayou_shore_b, serial_bayou_shore_a
Orc:1:    layout_caves, ebering_ghost_gozag, serial_shops, shop, shop_fountains,
          portal_ice_cave_entry_imps, lightli_orcish_oven

Skill      XL: |  1  2  3  4  5  6  7  8  9 10 11 12 13 14 |
---------------+-------------------------------------------+-----
Ice Magic      | 1 2 3 4 |  4.0
Dodging        | 3 4 5 6 7 8 9 |  9.5
Stealth        | 1 2 3 4 5 6 7 8 |  8.6
Polearms       | 4 5 6 7 8 9 |  9.8
Translocations | 1 |  1.1
Fighting       | 3 4 5 6 7 8 9 |  9.0
Armour         | 1 2 3 4 5 6 7 8 |  8.9
Conjurations   | 5 6 7 |  7.2
Throwing       | 1 2 3 4 5 6 7 8 |  8.0
Shields        | 1 2 3 4 5 6 7 |  7.9
Spellcasting   | 3 4 5 |  5.1
Air Magic      | 3 4 |  4.4
Fire Magic     | 2 3 |  3.5
Evocations     | 1 3 4 5 6 |  6.7
Invocations    | 1 3 4 5 6 |  6.2

Action                     |  1- 3 |  4- 6 |  7- 9 | 10-12 | 13-15 || total
---------------------------+-------+-------+-------+-------+-------++-------
  Melee: Spear             |   107 |     6 |       |       |       ||   113
         Kick              |    13 |     2 |    33 |   100 |   166 ||   314
         Peck              |    11 |     3 |    28 |    68 |   111 ||   221
         Trident           |       |    70 |   177 |   481 |   514 ||  1242
  Throw: Boomerang         |       |     2 |     4 |    72 |    12 ||    90
         Dart              |       |       |       |     3 |       ||     3
         Throwing net      |       |       |       |       |     1 ||     1
   Cast: Kiss of Death     |     2 |     1 |     1 |       |       ||     4
         Momentum Strike   |     2 |     4 |       |       |       ||     6
         Hailstorm         |       |     1 |       |     1 |       ||     2
 Invoke: Heal Self         |       |       |       |     1 |     2 ||     3
         Heal Other        |       |       |       |       |     5 ||     5
         Purification      |       |       |       |       |     2 ||     2
  Evoke: Wand              |       |       |       |     6 |     9 ||    15
         Tin of tremorston |       |       |       |       |     3 ||     3
    Use: Scroll            |       |     6 |     5 |    20 |    11 ||    42
         Potion            |       |       |     2 |     2 |     5 ||     9
   Stab: Sleeping          |     2 |     1 |     4 |     1 |       ||     8
         Distracted        |       |     1 |     1 |       |     1 ||     3
         Paralysed         |       |       |       |     2 |    10 ||    12
         Invisible         |       |       |       |       |     1 ||     1
 Armour: Leather armour    |    34 |    15 |       |       |       ||    49
         Ring mail         |       |    13 |    16 |       |       ||    29
         Scale mail        |       |       |    67 |   131 |       ||   198
         Skin              |       |       |     4 |       |       ||     4
         Chain mail        |       |       |       |   200 |   305 ||   505
  Dodge: Dodged            |    44 |    28 |    81 |   478 |   306 ||   937
  Block: Buckler           |       |       |    34 |   285 |   374 ||   693
         Reflection        |       |       |       |       |     4 ||     4

Table legend: (Time is in decaauts)
 A = Elapsed time spent in this place.
 B = Non-inter-level travel time spent in this place.
 C = Inter-level travel time spent in this place.
 D = Time resting spent in this place.
 E = Time spent auto-exploring this place.
 F = Levels seen in this place.
 G = Mean time per level.
                   A        B        C        D        E       F      G
               +--------+--------+--------+--------+--------+-----+--------+
         Total |  21622 |  18680 |   2942 |   4617 |   6768 |  20 | 1081.1 |
       Dungeon |  13648 |  11121 |   2527 |   2438 |   5226 |  11 | 1240.7 |
        Temple |      1 |      1 |      0 |      0 |      0 |   1 |    1.0 |
          Lair |   7324 |   6910 |    414 |   2071 |   1493 |   5 | 1464.8 |
  Orcish Mines |     46 |     46 |      0 |      0 |      0 |   1 |   46.0 |
         Sewer |    236 |    236 |      0 |      0 |      0 |   1 |  236.0 |
       Volcano |    363 |    363 |      0 |    108 |     49 |   1 |  363.0 |
               +--------+--------+--------+--------+--------+-----+--------+

Top non-repeatable levels by time:
  Lair:3: 2343 daAuts
     D:6: 1742 daAuts
  Lair:5: 1647 daAuts
  Lair:2: 1520 daAuts
    D:11: 1473 daAuts
     D:9: 1472 daAuts
    D:10: 1364 daAuts
     D:8: 1282 daAuts
     D:3: 1231 daAuts
     D:4: 1149 daAuts
     D:5: 1131 daAuts
     D:7: 1104 daAuts
  Lair:1: 1027 daAuts
     D:2: 997 daAuts
  Lair:4: 786 daAuts
